 Dungeon Crawl Stone Soup version 0.19-a0-749-g66ae36b (webtiles) character file.

293194 Implojin the Warrior (level 19, -9/215 HPs)
             Began as a Troll Fighter on June 24, 2016.
             Was a High Priest of Okawaru.
             Mangled by an Orb Guardian (13 damage)
             ... on level 5 of the Realm of Zot.
             The game lasted 01:50:14 (11174 turns).

Implojin the Warrior (Troll Fighter)               Turns: 11174, Time: 01:50:14

Health: -9/215     AC: 12    Str: 39    XL:     19   Next: 57%
Magic:  20/22      EV:  1    Int:  4    God:    Okawaru [*****.]
Gold:   557        SH:  0    Dex: 15    Spells: 0 memorised, 18 levels left

rFire  + + +     SeeInvis .       - Unarmed
rCold  + + +     Gourm    +     Y - +1 shadow dragon armour
rNeg   + + +     Faith    .     b - +5 large shield of the Sea {rElec rC++ rN+ Stlth+}
rPois  ∞         Spirit   .     (helmet restricted)
rElec  +         Dismiss  .     G - +0 cloak {rPois}
rCorr  +         Reflect  .     (gloves unavailable)
SustAt .         Harm     .     (boots unavailable)
MR     .....                    k - amulet of regeneration (curse)
Stlth  +++++.....               J - +5 ring of strength
                                f - ring of Seoq {+Fly rF+++ MR- EV+3}

@: mighty, resistant, petrified, finesse, marked, corroded, very slightly
contaminated, drained, not resistant to hostile enchantments, quite stealthy
A: unfitting armour, claws 3, deterioration 1, fast metabolism 3, gourmand,
regeneration 2, shaggy fur 1, tough skin 2, subdued magic 1
a: Heroism, Finesse, Renounce Religion, Evoke Flight
}: 3/15 runes: decaying, slimy, gossamer


You were on level 5 of the Realm of Zot.
You worshipped Okawaru.
Okawaru was extremely pleased with you.
You were not hungry.

You visited 7 branches of the dungeon, and saw 44 of its levels.
You also visited: Volcano.

You collected 617 gold pieces.
You spent 60 gold pieces at shops.

Inventory:

Missiles
 p - 9 large rocks (quivered)
 s - 11 tomahawks
 x - 2 javelins
Armour
 b - the +5 large shield of the Sea (worn) {rElec rC++ rN+ Stlth+}
   (Okawaru gifted it to you on level 1 of the Spider Nest)

   It greatly protects you from cold.
   It insulates you from electricity.
   It protects you from negative energy.
   It makes you more stealthy.
 B - a +0 swamp dragon armour
 D - a +2 large shield of reflection
 G - a +0 cloak of poison resistance (worn)
 N - the +3 ice dragon armour of Mutualism {rElec rPois rF- rC++ MR++ Int-4}
   (Okawaru gifted it to you on level 5 of the Depths)

   It affects your intelligence (-4).
   It makes you vulnerable to fire.
   It greatly protects you from cold.
   It insulates you from electricity.
   It protects you from poison.
   It affects your resistance to hostile enchantments.
 P - a +1 cloak of magic resistance
 Y - a +1 shadow dragon armour (worn)
Jewellery
 f - the ring of Seoq (left claw) {+Fly rF+++ MR- EV+3}
   (You found it on level 15 of the Dungeon)

   [ring of evasion]

   It affects your evasion (+3).
   It renders you almost immune to fire.
   It affects your resistance to hostile enchantments.
   It lets you fly.
 h - a +2 ring of protection
 k - a cursed amulet of regeneration (around neck)
 w - an uncursed ring of protection from fire
 z - an uncursed ring of protection from magic
 J - a +5 ring of strength (right claw)
 M - a +2 ring of intelligence
 Q - an uncursed ring of resist corrosion
 Z - an uncursed amulet of guardian spirit {unknown}
Wands
 q - a wand of lightning (12/15)
 t - a wand of slowing (34/48)
 y - a wand of acid (5/15)
 F - a wand of disintegration (19/24)
 S - a wand of paralysis (9/24)
 U - a wand of teleportation (2/9)
 V - a wand of digging (8/24)
Scrolls
 i - a scroll of torment {unknown}
 j - 7 scrolls of remove curse
 m - 2 scrolls of immolation
 H - 2 scrolls of teleportation
Potions
 l - 3 potions of flight
 o - 2 potions of curing
 u - a potion of cure mutation
 v - 2 potions of berserk rage
 O - 2 potions of lignification
 W - a potion of brilliance
 X - 2 potions of magic
Books
 g - a book of Battle

   Spells                             Type                      Level
   a - Infusion                       Charms                       1
   b - Shroud of Golubria             Charms/Translocation         2
   c - Song of Slaying                Charms                       2
   d - Spectral Weapon                Hexes/Charms                 3
   e - Regeneration                   Charms/Necromancy            3
 C - a book of Envenomations

   Spells                             Type                      Level
   a - Spider Form                    Transmutation/Poison         3
   b - Olgreb's Toxic Radiance        Poison                       4
   c - Alistair's Intoxication        Transmutation/Poison         5
   d - Poisonous Cloud                Conjuration/Poison/Air       6
 E - a book of Transfigurations

   Spells                             Type                      Level
   a - Irradiate                      Conjuration/Transmutation    5
   b - Statue Form                    Transmutation/Earth          6
   c - Hydra Form                     Transmutation                6
   d - Dragon Form                    Transmutation                7
 L - a book of Dreams

   Spells                             Type                      Level
   a - Ensorcelled Hibernation        Hexes/Ice                    2
   b - Silence                        Hexes/Air                    5
   c - Darkness                       Hexes                        6
   d - Shadow Creatures               Summoning                    6
Miscellaneous
 T - a phantom mirror
Comestibles
 c - 6 meat rations
 d - 10 bread rations
 r - 2 slices of pizza
 A - 3 beef jerkies


   Skills:
 - Level 19.1(19.0) Fighting
 - Level 10.3(10.2) Armour
 - Level 10.1(9.9) Dodging
 * Level 7.3(7.2) Stealth
 - Level 10.1(10.0) Shields
 - Level 17.0(16.8) Unarmed Combat
 - Level 6.0(5.9) Invocations


You had 18 spell levels left.
You didn't know any spells.

Dungeon Overview and Level Annotations

Branches:
Dungeon (15/15)              Lair (6/6) D:9           Swamp (4/4) Lair:4
 Spider (4/4) Lair:3        Slime (5/5) Lair:5       Depths (5/5) D:15
    Zot (5/5) Depths:5
 Temple: D:4-7          Orc: D:9-12      Vaults: D:13-14

Altars:
Ashenzari
Nemelex Xobeh
Okawaru
Qazlal
Vehumet
Xom
Jiyva

Shops:
D:5 !

Portals:
Hell: Depths:5
Pandemonium: Depths:5

Annotations:
D:12 exclusion: upstairs


Innate Abilities, Weirdness & Mutations

You are too large for most types of armour.
You have claws for hands.
Your metabolism is lightning-fast.
You like to eat raw meat.
You heal very quickly.
You are covered in fur. (AC +1)
You have very tough skin. (AC +2)
Your body sometimes deteriorates upon taking damage.
Your spells are a little easier to cast, but a little less powerful.


Message History

3 Orb Guardians come into view.
A bolt hits the Orb Guardian!
You hear a distant "Zot"!
The Orb Guardian hits you!!
* * * LOW HITPOINT WARNING * * *
The black draconian is engulfed in poison gas.
The black draconian is poisoned.
The black draconian hits you from afar with a trident!
* * * LOW HITPOINT WARNING * * *
An orb of fire comes into view.
The Orb Guardian is engulfed in poison gas.
The Orb Guardian is poisoned.
The Orb Guardian hits you!!
* * * LOW HITPOINT WARNING * * *
A bolt hits the black draconian, but does no damage!
The Orb Guardian is engulfed in poison gas.
The Orb Guardian is poisoned.
The Orb Guardian is engulfed in poison gas.
The Orb Guardian is poisoned.
The Orb Guardian is engulfed in poison gas.
The Orb Guardian is poisoned.
The Orb Guardian hits you!!!
* * * LOW HITPOINT WARNING * * *
An Orb Guardian comes into view.
The Orb Guardian hits you!!
* * * LOW HITPOINT WARNING * * *
The Orb Guardian is engulfed in poison gas.
The Orb Guardian looks even sicker.
You hear a distant "Zot"!
The black draconian is engulfed in poison gas.
The black draconian looks even sicker.
The black draconian hits you from afar with a trident.
* * * LOW HITPOINT WARNING * * *
The Orb Guardian looks even sicker.
The Orb Guardian hits you!
* * * LOW HITPOINT WARNING * * *
The Orb Guardian hits you but does no damage.
A bolt hits the Orb Guardian!
The Orb Guardian hits you!!
* * * LOW HITPOINT WARNING * * *
The Orb Guardian looks even sicker.
The Orb Guardian hits you!
* * * LOW HITPOINT WARNING * * *
The Orb Guardian hits you!!
You die...

..........#
..........#
..........#
.....^....#
..........#
......§...#
..X.XdX§§#
.X..XdX@#
......
..*.XdX##
▓▓#▓▓▓
#....X▓
.....X
..... .....
.... ....


You could see an orb of fire, 2 draconians, a green draconian and 10 Orb
Guardians.

Vanquished Creatures
  the Royal Jelly (Slime:5)
  An ancient lich (Zot:5)
  An orb of fire (Zot:1)
  A Killer Klown (Zot:3)
  A golden dragon (Zot:2)
  Arachne (Spider:4)
  6 tentacled monstrosities
  Rupert (Lair:5)
  7 Orb Guardians (Zot:5)
  3 death cobs
  13 acid blobs
  2 thorn hunters (Swamp:2)
  A shadow dragon (Depths:5)
  Kirke (Swamp:2)
  10 azure jellies
  2 storm dragons
  Wiglaf (Depths:3)
  Roxanne (Swamp:1)
  4 draconian monks (Zot:3)
  An iron dragon (Depths:4)
  3 frost giants
  5 draconian scorchers
  A draconian knight (Zot:3)
  4 draconian zealots
  3 draconian shifters (Zot:3)
  2 emperor scorpions (Spider:4)
  3 ghost moths (Spider:4)
  2 draconian annihilators
  6 green draconians
  5 very ugly things
  6 draconian callers
  An entropy weaver (Spider:4)
  3 stone giants
  6 black draconians
  A vampire knight (Depths:1)
  5 mottled draconians
  2 red draconians
  5 yellow draconians
  3 spark wasps
  6 white draconians
  A dire elephant (D:15)
  3 purple draconians
  2 ettins (Depths:3)
  7 death oozes (Slime:5)
  A green death (Swamp:4)
  3 jiangshi (Depths:4)
  3 yaktaur captains
  8 fire dragons
  3 great orbs of eyes
  An ogre mage (D:15)
  4 ice dragons
  The ghost of mamga the Pioneer, a journeyman DDMo of Pakellas (D:11)
  13 hydras
  6 centaur warriors
  A catoblepas (Lair:6)
  3 alligators
  3 deep troll earth magi
  A vampire mage (Depths:4)
  3 deep troll shamans (Depths:5)
  A death knight (D:15)
  4 death yaks (Lair:6)
  5 hell knights (Depths:5)
  A salamander mystic (Volcano)
  3 iron trolls
  2 giant orange brains
  An unseen horror (D:14)
  9 deep trolls
  4 swamp dragons (Swamp:4)
  2 orange crystal statues (Zot:4)
  2 phantasmal warriors (Depths:1)
  9 wolf spiders
  4 oklob plants (Zot:4)
  2 shambling mangroves (Swamp:4)
  3 orb spiders
  4 necromancers
  3 griffons
  3 shining eyes
  A fire giant zombie (Depths:2)
  4 hornets
  2 ugly things (Swamp:4)
  A cyclops (D:14)
  3 manticores
  4 salamanders (Volcano)
  13 moths of wrath
  4 black mambas
  A centaur zombie (D:15)
  21 elephants
  Joseph (D:7)
  A gargoyle (D:15)
  6 spiny frogs (Lair:6)
  A spiny frog (shapeshifter) (D:14)
  The ghost of idiolect the Slasher, a novice HuFi (D:6)
  2 orange demons (Swamp:4)
  3 rime drakes (Lair:6)
  2 demonic crawlers
  An efreet (D:13)
  5 komodo dragons
  A yaktaur (Depths:4)
  A troll (D:13)
  A polar bear (Lair:3)
  16 jumping spiders
  A burning bush (Zot:4)
  8 bog bodies
  A spriggan zombie (Depths:2)
  2 two-headed ogres (D:15)
  5 blink frogs
  53 slime creatures
  A wyvern (Lair:6)
  15 tarantellas
  3 large abominations (Swamp:4)
  25 redbacks
  16 yaks
  2 shadows (Swamp:4)
  A hog (Swamp:2)
  A golden eye (Slime:5)
  4 spriggans
  3 basilisks
  9 vampire mosquitoes
  5 hippogriffs
  Menkaure (D:5)
  An insubstantial wisp (Lair:1)
  7 water moccasins
  11 swamp worms
  2 soldier ants
  6 porcupines
  A swamp drake (Swamp:2)
  A black bear (D:6)
  An orc warrior (D:5)
  2 sky beasts
  A spriggan simulacrum (Depths:2)
  2 ice beasts
  An elephant zombie (Lair:3)
  7 ogres
  A black bear (shapeshifter) (Depths:2)
  A phantom (D:14)
  8 wasps
  3 eyes of draining
  7 wolves
  12 centaurs
  8 crocodiles
  8 giant frogs
  A gnoll sergeant (D:11)
  A wyvern skeleton (D:7)
  A water moccasin zombie (D:10)
  A scorpion (D:6)
  9 killer bees (D:10)
  2 vampire bats (Lair:4)
  4 howler monkeys
  An electric eel (Lair:4)
  3 crimson imps
  A giant frog zombie (D:9)
  A basilisk zombie (Lair:3)
  3 hounds
  3 jellies
  3 orc priests
  6 orc wizards
  5 iguanas
  Jessica (D:2)
  Terence (D:3)
  6 worker ants
  14 sheep
  A crocodile zombie (Lair:3)
  3 gnolls (D:11)
  30 river rats
  3 adders
  2 shadow imps
  2 oozes (Lair:5)
  2 adder skeletons
  A worm (D:2)
  A dart slug (D:1)
  A giant gecko (D:2)
  15 orcs
  A ball python (D:3)
  5 giant cockroaches
  5 goblins
  4 hobgoblins
  11 jackals
  3 kobolds
  13 bats
  A giant gecko skeleton (D:5)
  A giant newt (D:2)
  5 rats
780 creatures vanquished.

Vanquished Creatures (others)
  A draconian scorcher (Zot:3)
  A green death (Swamp:4)
  An orange demon (Swamp:4)
  A jumping spider (Spider:4)
  A human (Swamp:3)
  A plant (Lair:6)
  5 toadstools (Swamp:2)
11 creatures vanquished.

Grand Total: 791 creatures vanquished

Notes
Turn   | Place    | Note
--------------------------------------------------------------
     0 | D:1      | Implojin the Troll Fighter began the quest for the Orb.
     0 | D:1      | Reached XP level 1. HP: 22/22 MP: 0/0
    47 | D:1      | Reached XP level 2. HP: 13/29 MP: 1/1
    83 | D:1      | Reached skill level 3 in Unarmed Combat
   193 | D:2      | Noticed Jessica
   201 | D:2      | Killed Jessica
   201 | D:2      | Reached skill level 4 in Unarmed Combat
   201 | D:2      | Reached XP level 3. HP: 36/36 MP: 2/2
   290 | D:3      | Found a radiant altar of Vehumet.
   316 | D:3      | Noticed Terence
   343 | D:3      | Killed Terence
   343 | D:3      | Reached XP level 4. HP: 41/44 MP: 3/3
   427 | D:3      | Found an iron altar of Okawaru.
   435 | D:3      | Became a worshipper of Warmaster Okawaru
   446 | D:3      | Found a sparkling altar of Nemelex Xobeh.
   450 | D:3      | Found a shimmering altar of Xom.
   531 | D:4      | Noticed an ogre
   544 | D:4      | Reached skill level 5 in Unarmed Combat
   547 | D:4      | Killed an ogre
   547 | D:4      | Reached XP level 5. HP: 23/50 MP: 4/4
   582 | D:4      | Reached skill level 6 in Unarmed Combat
   631 | D:4      | You fall through a shaft!
   631 | D:5      | Entered Level 5 of the Dungeon
   631 | D:5      | Found a stormy altar of Qazlal.
   678 | D:5      | Noticed Menkaure
   694 | D:5      | HP: 1/50 [Menkaure (7)]
   695 | D:5      | Killed Menkaure
   695 | D:5      | Reached * piety under Okawaru
   695 | D:5      | Reached XP level 6. HP: 2/59 MP: 5/5
   742 | D:5      | Found Ypnoqigiab's Distillery.
   793 | D:5      | Bought a potion of heal wounds for 60 gold pieces
   797 | D:6      | Noticed an orc warrior
   802 | D:5      | Reached skill level 7 in Unarmed Combat
   807 | D:5      | Killed an orc warrior
   813 | D:6      | Reached XP level 7. HP: 61/66 MP: 4/6
   853 | D:6      | Reached skill level 8 in Unarmed Combat
   873 | D:6      | Noticed idiolect's ghost (novice HuFi)
   893 | D:6      | Killed idiolect's ghost
   893 | D:6      | Reached ** piety under Okawaru
   893 | D:6      | Reached skill level 9 in Unarmed Combat
   896 | D:6      | Reached XP level 8. HP: 72/74 MP: 5/7
   920 | D:6      | Reached skill level 10 in Unarmed Combat
   949 | D:7      | Noticed Joseph
   968 | D:7      | Killed Joseph
   998 | D:6      | Reached skill level 11 in Unarmed Combat
  1044 | D:8      | Reached *** piety under Okawaru
  1103 | D:9      | Found a staircase to the Lair.
  1112 | D:9      | Reached XP level 9. HP: 68/80 MP: 5/8
  1193 | D:10     | Entered Level 10 of the Dungeon
  1193 | D:10     | Found a shattered altar of Ashenzari.
  1204 | D:10     | Reached skill level 12 in Unarmed Combat
  1213 | D:10     | Reached skill level 3 in Fighting
  1254 | D:10     | Reached skill level 4 in Fighting
  1366 | D:11     | Reached skill level 5 in Fighting
  1450 | D:11     | Noticed mamga's ghost (journeyman DDMo)
  1470 | D:11     | Killed mamga's ghost
  1470 | D:11     | Reached **** piety under Okawaru
  1470 | D:11     | Reached skill level 6 in Fighting
  1533 | D:11     | Reached skill level 7 in Fighting
  1568 | D:11     | Reached XP level 10. HP: 102/102 MP: 6/9
  1607 | D:12     | Noticed a manticore
  1610 | D:12     | Killed a manticore
  1664 | D:13     | Reached skill level 8 in Fighting
  1889 | D:13     | Noticed a centaur warrior
  1899 | D:13     | Killed a centaur warrior
  1899 | D:13     | Reached ***** piety under Okawaru
  1899 | D:13     | Reached skill level 9 in Fighting
  1953 | D:14     | Noticed a spiny frog
  1957 | D:14     | Killed a spiny frog
  2002 | D:14     | Noticed a cyclops
  2019 | D:14     | Killed a cyclops
  2077 | D:14     | Received a gift from Okawaru
  2097 | D:14     | Killed an unseen horror
  2097 | D:14     | Reached skill level 10 in Fighting
  2099 | D:14     | Noticed a centaur warrior
  2124 | D:14     | Killed a centaur warrior
  2124 | D:14     | Reached XP level 11. HP: 37/119 MP: 6/10
  2146 | D:14     | Noticed a centaur warrior
  2166 | D:14     | Killed a centaur warrior
  2166 | D:14     | Received a gift from Okawaru
  2182 | D:15     | Entered Level 15 of the Dungeon
  2211 | D:15     | Reached skill level 11 in Fighting
  2231 | D:15     | Noticed a death knight
  2232 | D:15     | Got a heavily runed jade ring
  2233 | D:15     | Identified the ring of Seoq {+Fly rF+++ MR- EV+3} (You found it on level 15 of the Dungeon)
  2241 | D:15     | Killed a death knight
  2294 | D:15     | Noticed a centaur warrior
  2302 | D:15     | Killed a centaur warrior
  2302 | D:15     | Reached skill level 2 in Invocations
  2317 | D:15     | Reached skill level 3 in Invocations
  2349 | D:14     | Noticed a centaur warrior
  2428 | D:15     | Noticed an ogre mage
  2440 | D:15     | Killed an ogre mage
  2440 | D:15     | Reached skill level 4 in Invocations
  2444 | D:15     | Received a gift from Okawaru
  2444 | D:15     | Reached skill level 5 in Invocations
  2455 | D:15     | Noticed a six-headed hydra
  2459 | D:15     | Noticed a wolf spider
  2462 | D:15     | Noticed a dire elephant
  2462 | D:15     | Killed a six-headed hydra
  2462 | D:15     | Reached skill level 6 in Invocations
  2485 | D:15     | Killed a wolf spider
  2488 | D:15     | Killed a dire elephant
  2498 | D:15     | Found a staircase to the Depths.
  2569 | D:15     | Reached XP level 12. HP: 114/132 MP: 13/15
  2594 | D:14     | Killed a centaur warrior
  2594 | D:14     | Reached skill level 12 in Fighting
  2825 | Lair:1   | Entered Level 1 of the Lair of Beasts
  2857 | Lair:1   | Reached skill level 3 in Shields
  2921 | Lair:1   | Reached skill level 4 in Shields
  3055 | Lair:3   | Found a dark tunnel.
  3077 | Volcano  | Entered a volcano
  3117 | Volcano  | Reached skill level 5 in Shields
  3123 | Volcano  | Received a gift from Okawaru
  3183 | Volcano  | Reached skill level 6 in Shields
  3453 | Lair:4   | Reached skill level 7 in Shields
  3516 | Lair:5   | Noticed Rupert
  3517 | Lair:5   | Found a runed door.
  3534 | Lair:5   | Killed Rupert
  3534 | Lair:5   | Reached skill level 8 in Shields
  3542 | Lair:5   | Found a viscous altar of Jiyva.
  3544 | Lair:5   | Found a staircase to the Slime Pits.
  3821 | Lair:6   | Entered Level 6 of the Lair of Beasts
  3828 | Lair:6   | Reached XP level 13. HP: 131/140 MP: 13/16
  3865 | Lair:6   | Reached skill level 9 in Shields
  3920 | Lair:6   | Reached skill level 3 in Dodging
  3959 | Lair:6   | Received a gift from Okawaru
  4002 | Lair:6   | Reached skill level 4 in Dodging
  4029 | Lair:6   | Reached skill level 5 in Dodging
  4168 | Lair:6   | Reached skill level 6 in Dodging
  4273 | Lair:6   | Reached skill level 7 in Dodging
  4498 | Lair:6   | Reached skill level 8 in Dodging
  4643 | Lair:6   | Reached skill level 9 in Dodging
  4952 | Lair:3   | Found a hole to the Spider Nest.
  5182 | Lair:4   | Found a staircase to the Swamp.
  5201 | Lair:4   | Reached XP level 14. HP: 110/149 MP: 17/17
  5203 | Swamp:1  | Entered Level 1 of the Swamp
  5203 | Swamp:1  | Noticed Roxanne
  5370 | Swamp:1  | Killed Roxanne
  5370 | Swamp:1  | Reached skill level 10 in Dodging
  5429 | Swamp:2  | Noticed Kirke
  5460 | Swamp:2  | Noticed a thorn hunter
  5466 | Swamp:2  | Killed Kirke
  5466 | Swamp:2  | Received a gift from Okawaru
  5471 | Swamp:2  | Killed a thorn hunter
  5482 | Swamp:2  | Reached skill level 10 in Shields
  5573 | Swamp:2  | Noticed a thorn hunter
  5593 | Swamp:2  | Killed a thorn hunter
  5593 | Swamp:2  | Reached skill level 2 in Armour
  5708 | Swamp:3  | Reached skill level 3 in Armour
  5715 | Swamp:4  | Entered Level 4 of the Swamp
  5832 | Swamp:4  | Reached skill level 4 in Armour
  5883 | Swamp:4  | Reached skill level 5 in Armour
  6014 | Swamp:4  | Reached skill level 6 in Armour
  6067 | Swamp:4  | Noticed a tentacled monstrosity
  6073 | Swamp:4  | Killed a tentacled monstrosity
  6073 | Swamp:4  | Reached skill level 7 in Armour
  6081 | Swamp:4  | HP: 4/223 [large abomination (16)]
  6207 | Swamp:4  | Noticed a brown very ugly thing
  6213 | Swamp:4  | Killed a brown very ugly thing
  6228 | Swamp:4  | Reached XP level 15. HP: 100/157 MP: 18/18
  6270 | Swamp:4  | Reached skill level 8 in Armour
  6302 | Swamp:4  | Got a decaying rune of Zot
  6676 | Spider:1 | Entered Level 1 of the Spider Nest
  6684 | Spider:1 | Received a gift from Okawaru
  6687 | Spider:1 | Got a fine large shield {god gift}
  6703 | Spider:1 | Identified the +5 large shield of the Sea {rElec rC++ rN+ Stlth+} (Okawaru gifted it to you on level 1 of the Spider Nest)
  6754 | Spider:1 | Reached skill level 9 in Armour
  6926 | Spider:4 | Entered Level 4 of the Spider Nest
  6932 | Spider:4 | Noticed Arachne
  6974 | Spider:4 | Killed Arachne
  6974 | Spider:4 | Reached skill level 10 in Armour
  7486 | Spider:4 | Killed a ghost moth
  7487 | Spider:4 | Reached skill level 13 in Unarmed Combat
  7539 | Spider:4 | Killed a ghost moth
  7551 | Spider:4 | Killed a ghost moth
  7551 | Spider:4 | Received a gift from Okawaru
  7580 | Spider:4 | Got a gossamer rune of Zot
  7731 | Spider:3 | Reached skill level 14 in Unarmed Combat
  7906 | Lair:4   | Reached XP level 16. HP: 127/165 MP: 19/19
  8000 | Slime:1  | Entered Level 1 of the Pits of Slime
  8052 | Slime:1  | Received a gift from Okawaru
  8077 | Slime:1  | Gained mutation: Your body sometimes deteriorates upon taking damage. [a shining eye]
  8107 | Slime:2  | Noticed an acid blob
  8111 | Slime:3  | Noticed an acid blob
  8117 | Slime:4  | Noticed an acid blob
  8131 | Slime:4  | Killed an acid blob
  8131 | Slime:4  | Reached skill level 15 in Unarmed Combat
  8140 | Slime:4  | Noticed an acid blob
  8184 | Slime:5  | Entered Level 5 of the Pits of Slime
  8227 | Slime:5  | Noticed an acid blob
  8238 | Slime:5  | Killed an acid blob
  8282 | Slime:5  | Found a viscous altar of Jiyva.
  8298 | Slime:5  | Noticed the Royal Jelly
  8304 | Slime:5  | Noticed an acid blob
  8313 | Slime:5  | Killed an acid blob
  8314 | Slime:5  | Noticed an acid blob
  8314 | Slime:5  | Noticed an acid blob
  8314 | Slime:5  | Noticed an acid blob
  8314 | Slime:5  | Noticed an acid blob
  8314 | Slime:5  | Noticed an acid blob
  8315 | Slime:5  | Noticed an acid blob
  8317 | Slime:5  | Killed an acid blob
  8320 | Slime:5  | Killed an acid blob
  8321 | Slime:5  | Killed an acid blob
  8324 | Slime:5  | Noticed an acid blob
  8326 | Slime:5  | Killed the Royal Jelly
  8326 | Slime:5  | Killed an acid blob
  8326 | Slime:5  | Reached skill level 16 in Unarmed Combat
  8326 | Slime:5  | Noticed an acid blob
  8330 | Slime:5  | Killed an acid blob
  8333 | Slime:5  | Killed an acid blob
  8334 | Slime:5  | Killed an acid blob
  8335 | Slime:5  | Noticed an acid blob
  8523 | Slime:5  | Killed an acid blob
  8523 | Slime:5  | Received a gift from Okawaru
  8530 | Slime:5  | Noticed an acid blob
  8540 | Slime:5  | Killed an acid blob
  8543 | Slime:5  | Reached skill level 17 in Unarmed Combat
  8655 | Slime:5  | Killed an acid blob
  8695 | Slime:5  | Got a slimy rune of Zot
  9154 | Depths:1 | Entered Level 1 of the Depths
  9283 | Depths:3 | Noticed Wiglaf
  9296 | Depths:3 | Killed Wiglaf
  9296 | Depths:3 | Reached skill level 13 in Fighting
  9339 | Depths:3 | Reached XP level 17. HP: 157/178 MP: 11/20
  9355 | Depths:4 | Noticed a tentacled monstrosity
  9363 | Depths:4 | Paralysed by a great orb of eyes for 4 turns
  9380 | Depths:4 | Killed a tentacled monstrosity
  9385 | Depths:4 | Reached skill level 14 in Fighting
  9391 | Depths:5 | Entered Level 5 of the Depths
  9405 | Depths:5 | Received a gift from Okawaru
  9407 | Depths:5 | Got an ichor-stained ice dragon armour {god gift}
  9408 | Depths:5 | Identified the +3 ice dragon armour of Mutualism {rElec rPois rF- rC++ MR++ Int-4} (Okawaru gifted it to you on level 5 of the Depths)
  9486 | Depths:4 | Reached skill level 15 in Fighting
  9598 | Depths:5 | Reached skill level 16 in Fighting
  9687 | Depths:5 | Found a gateway to Hell.
  9699 | Depths:5 | Found a one-way gate leading to the halls of Pandemonium.
  9779 | Depths:5 | Found a gate to the Realm of Zot.
  9829 | Zot:1    | Entered Level 1 of the Realm of Zot
  9833 | Zot:1    | :9833
  9833 | Zot:1    | i'm not sapher
  9833 | Zot:1    | but this is getting close
  9893 | Zot:1    | Reached skill level 17 in Fighting
  9899 | Zot:1    | Noticed a tentacled monstrosity
  9907 | Zot:1    | Killed a tentacled monstrosity
  9928 | Zot:1    | Noticed an orb of fire
  9932 | Zot:1    | Gained mutation: Your spells are a little easier to cast, but a little less powerful. [an orb of fire]
  9958 | Zot:1    | Killed an orb of fire
  9958 | Zot:1    | Reached XP level 18. HP: 147/201 MP: 14/21
  9968 | Zot:1    | Received a gift from Okawaru
 10220 | Zot:2    | Noticed a tentacled monstrosity
 10226 | Zot:2    | Reached skill level 18 in Fighting
 10232 | Zot:2    | Killed a tentacled monstrosity
 10306 | Zot:2    | Noticed a golden dragon
 10312 | Zot:2    | Killed a golden dragon
 10390 | Zot:3    | Noticed a Killer Klown
 10407 | Zot:3    | Killed a Killer Klown
 10428 | Zot:3    | Reached ****** piety under Okawaru
 10454 | Zot:3    | Received a gift from Okawaru
 10521 | Zot:3    | Reached skill level 19 in Fighting
 10567 | Zot:3    | Reached skill level 1 in Stealth
 10584 | Zot:3    | Reached skill level 2 in Stealth
 10597 | Zot:3    | Reached XP level 19. HP: 175/215 MP: 22/22
 10608 | Zot:3    | Reached skill level 3 in Stealth
 10654 | Zot:3    | Reached skill level 4 in Stealth
 10785 | Zot:4    | Received a gift from Okawaru
 10885 | Zot:4    | Reached skill level 5 in Stealth
 10921 | Zot:5    | Entered Level 5 of the Realm of Zot
 11044 | Zot:5    | Reached skill level 6 in Stealth
 11072 | Zot:5    | Noticed an ancient lich
 11087 | Zot:5    | Killed an ancient lich
 11087 | Zot:5    | Reached skill level 7 in Stealth
 11141 | Zot:5    | :oh dear god
 11150 | Zot:5    | Noticed an electric golem
 11155 | Zot:5    | Noticed an electric golem
 11159 | Zot:5    | Noticed an ancient lich
 11163 | Zot:5    | Noticed an orb of fire
 11165 | Zot:5    | seriously
 11166 | Zot:5    | Noticed an orb of fire
 11172 | Zot:5    | Noticed an orb of fire
 11174 | Zot:5    | HP: 4/215 [Orb Guardian (8)]
 11174 | Zot:5    | Mangled by an Orb Guardian

Vault maps used:
D:1:      minmay_arrival_diagonal_passages, minmay_tetromino_t2
D:2:      minmay_misc_feat_room, lemuel_statue_altar, uniq_jessica, uniq_iyjb
D:3:      nicolae_overflow_crystal_walls, minmay_overflow_temple_star_quad,
          uniq_terence
D:4:      minitemple, serial_shops, shop
D:5:      old_standard_altar, first_bread, serial_shops, shop, uniq_menkaure
D:7:      corner_web_ring, uniq_prince_ribbit1, uniq_joseph, uniq_duvessa
D:8:      uniq_erolcha
D:9:      minmay_shop_grove, due_lair_maze_entry_diamond
D:10:     kennysheep_orc_monster_closet_entryway, basic_altar, serial_glass,
          glass_columns_c, glass_columns_a
D:14:     grunt_vaults_entry_fortified, nicolae_tso_swordbearing_angel
D:15:     hangedman_depths_entry_try_elsewhere_first, minivault_24
Lair:1:   pond
Lair:2:   st_stairs_6, bh_autumn_forest_stairs
Lair:3:   pond_and_an_island_with_a_cottage, dummy_spider_entry,
          nicolae_volcano_entry_two_sided, uniq_fannar
Lair:4:   nicolae_swamp_entry_splash_gauntlet, roderic_batcave
Lair:5:   slime_altar_2, infiniplex_staircase_pool_2, grunt_megastairs_5,
          lemuel_fruit_tree, uniq_rupert
Lair:6:   hangedman_lair_in_review, minivault_26
Swamp:1:  evilmike_swamp_ruin_rubble_2, uniq_roxanne
Swamp:2:  cheibrodos_swamp_tower_of_moss, evilmike_swamp_ruin_rubble_1,
          uniq_kirke
Swamp:3:  evilmike_swamp_ruin_house_3
Swamp:4:  swamp_vile, infiniplex_staircase_pool
Spider:3: nicolae_spider_cling_halls
Spider:4: spider_rune_water, nicolae_crawler_farm, uniq_arachne
Slime:2:  nicolae_slime_phagocytosis
Depths:1: enter_ziggurat_b, hangedman_decor_peaks_small,
          serial_hangedman_research, hangedman_research_thermodynamics,
          hangedman_research_electronics, hangedman_research_toxicology,
          hangedman_research_pyrotechnics, hangedman_research_quantum,
          hangedman_research_metamorphosis, hell_entry,
          nemelex_diamond_rough_becter
Depths:2: little_maze_vault, pf_hell_entry_tar_river,
          serial_sigils_hangedman_scar, serial_shops,
          nicolae_shop_overgrown_old_shop, minmay_splitting_lines,
          hangedman_corner_corridor
Depths:3: kennysheep_large_spiral, hangedman_abyss_or_decor_slice,
          lightli_too_deep, abyss_entry, pan_entry, uniq_wiglaf
Depths:4: kennysheep_scales, kennysheep_pointless_box, rand_demon_pan_entry_3,
          hell_entry, abyss_entry, minmay_staircase_statues_hall_small
Depths:5: grunt_zot_entry_tricorne, hell_entry, serial_shops,
          nicolae_shop_temple_entry_statues_fountains, pan_entry, abyss_entry,
          nrook_pool_corridor
Zot:2:    hangedman_swamp_dais, grunt_megastairs_3
Zot:3:    kennysheep_six_static_rooms, lemuel_baited_zot_trap,
          basic_loot_grate_trap
Zot:4:    evilmike_crystal_ball_defense, basic_altar, zot_minivault_1
Zot:5:    grunt_ministairs_8
Volcano:  volcano_pools

Skill      XL: |  1  2  3  4  5  6  7  8  9 10 11 12 13 14 15 16 17 18 19 |
---------------+----------------------------------------------------------+-----
Unarmed Combat | 4 5 6 7 9 11 12 14 17 | 17.0
Fighting       | 7 10 11 12 13 17 19 | 19.1
Invocations    | 6 |  6.0
Shields        | 8 9 10 | 10.1
Dodging        | 9 10 | 10.1
Armour         | 7 10 | 10.3
Stealth        | 2 7 |  7.3

Action                   |  1- 3 |  4- 6 |  7- 9 | 10-12 | 13-15 | 16-18 | 19-21 || total
-------------------------+-------+-------+-------+-------+-------+-------+-------++-------
Melee: Unarmed           |    69 |    42 |   222 |   452 |   966 |   909 |   175 ||  2835
Throw: Tomahawk          |       |       |       |     1 |     5 |       |       ||     6
       Large rock        |       |       |       |     9 |    38 |     6 |       ||    53
       Javelin           |       |       |       |       |     4 |       |       ||     4
       Throwing net      |       |       |       |       |     1 |       |       ||     1
Invok: Heroism           |       |     1 |    12 |    35 |    56 |    42 |    10 ||   156
       Finesse           |       |       |       |     4 |    17 |    14 |     2 ||    37
Evoke: Wand              |       |       |       |       |       |    15 |     4 ||    19
  Use: Potion            |       |     6 |       |    10 |     8 |     6 |     4 ||    34
       Scroll            |       |     3 |       |    14 |    18 |    10 |     3 ||    48
 Stab: Sleeping          |       |       |     2 |     1 |     4 |     2 |     4 ||    13
       Invisible         |       |       |       |     5 |       |       |     3 ||     8
       Distracted        |       |       |       |       |     1 |       |       ||     1
  Eat: Chunk             |     7 |     4 |     9 |    21 |    32 |    23 |     4 ||   100
       Bread ration      |       |       |       |       |       |     1 |       ||     1
Armor: Robe              |    17 |     7 |    41 |       |       |       |       ||    65
       Troll hide        |       |       |       |    84 |    37 |       |       ||   121
       Shadow dragon arm |       |       |       |       |    65 |   145 |    39 ||   249
       Swamp dragon hide |       |       |       |       |    13 |       |       ||    13
       Swamp dragon armo |       |       |       |       |    38 |     2 |       ||    40
Dodge: Dodged            |    23 |    13 |    71 |   303 |   405 |   208 |    35 ||  1058
Block: Shield            |    35 |    15 |    87 |   290 |   159 |       |       ||   586
       Large shield      |       |       |       |       |   737 |   705 |   130 ||  1572
       Reflection        |       |       |       |       |     2 |       |       ||     2

Table legend:
 A = Turns spent in this place as a percentage of turns spent in the entire game.
 B = Non-inter-level travel turns spent in this place as a percentage of non-inter-level travel turns spent in the entire game.
 C = Inter-level travel turns spent in this place as a percentage of turns spent in this place.
 D = Turns resting spent in this place as a percentage of non-inter-level travel turns spent in this place.
 E = Turns spent auto-exploring this place as a percentage of non-inter-level travel turns spent in this place.
 F = Non-inter-level travel turns spent in this place divided by the number of levels of this place that you've seen.
                   A       B       C       D       E      F
               +-------+-------+-------+-------+-------+----------------------
         Total | 100.0 | 100.0 |   0.0 |   0.3 |   0.0 | 240.2
       Dungeon |  27.9 |  27.9 |   0.0 |   0.1 |   0.0 | 200.8
          Lair |  24.6 |  24.6 |   0.0 |   0.2 |   0.0 | 443.2
         Swamp |  10.2 |  10.2 |   0.0 |   0.5 |   0.0 | 276.2
   Spider Nest |  10.2 |  10.2 |   0.0 |   0.0 |   0.0 | 276.2
    Slime Pits |   6.1 |   6.1 |   0.0 |   2.3 |   0.0 | 131.8
        Depths |   6.8 |   6.8 |   0.0 |   0.3 |   0.0 | 146.4
           Zot |  12.9 |  12.9 |   0.0 |   0.2 |   0.0 | 278.2
       Volcano |   1.3 |   1.3 |   0.0 |   1.4 |   0.0 | 144.0
               +-------+-------+-------+-------+-------+----------------------

Table legend:
 A = Kills in this place as a percentage of kills in entire the game.
 B = Kills by you in this place as a percentage of kills by you in the entire game.
 C = Kills by friends in this place as a percentage of kills by friends in the entire game.
 D = Other kills in this place as a percentage of other kills in the entire game.
 E = Experience gained in this place as a percentage of experience gained in the entire game.
 F = Experience gained in this place divided by the number of levels of this place that you have seen.
                   A       B       C       D       E      F
               +-------+-------+-------+-------+-------+----------------------
         Total | 100.0 | 100.0 |  -nan | 100.0 | 100.0 | 9621.9
       Dungeon |  23.8 |  23.9 |  -nan |   0.0 |   5.4 | 1561.0
          Lair |  25.2 |  25.3 |  -nan |   0.0 |  11.2 | 8055.5
         Swamp |   9.7 |   9.5 |  -nan |  66.7 |   9.4 | 10168.0
   Spider Nest |  11.2 |  11.2 |  -nan |   0.0 |   9.1 | 9903.0
    Slime Pits |   7.1 |   7.1 |  -nan |   0.0 |  11.2 | 9692.2
        Depths |   8.9 |   9.0 |  -nan |   0.0 |  16.3 | 14158.2
           Zot |  13.4 |  13.3 |  -nan |  33.3 |  36.7 | 31768.8
       Volcano |   0.7 |   0.7 |  -nan |   0.0 |   0.7 | 2859.0
               +-------+-------+-------+-------+-------+----------------------
